MLB
PITTSBURGH PIRATES @ PHILADELPHIA PHILLIES
09/07/2041
 
TOP OF THE 1ST
Pittsburgh Pirates batting - Pitching for Philadelphia Phillies : RHP Tony Brown
Pitching: RHP Tony Brown
Batting: LHB Raúl Gallegos 0-0: Ball
1-0: Ground out 6-3 (Groundball, 6, EV 79.4 MPH)
Batting: LHB Devin Henderson 0-0: Ball
1-0: Called Strike
1-1: Ball
2-1: Foul Ball, location: 3FF
2-2: Ball
3-2: Foul Ball, location: 23FF
3-2: Strikes out swinging
Batting: LHB Jorge Apodaca 0-0: Ball
1-0: Called Strike
1-1: Ball
2-1: Foul Ball, location: 7LMF
2-2: SINGLE (Groundball, 34D, EV 93.8 MPH)
Batting: LHB Cisco Silva 0-0: Ball
1-0: Called Strike
Jorge Apodaca steals 2nd base
1-1: Ball
2-1: Ball
3-1: Fly out, F7 (Flyball, 7, EV 77.5 MPH)
Top of the 1st over - 0 runs, 1 hit, 0 errors, 1 left on base; Pittsburgh 0 - Philadelphia 0
BOTTOM OF THE 1ST
Philadelphia Phillies batting - Pitching for Pittsburgh Pirates : LHP Jorge González
Pitching: LHP Jorge González
Batting: RHB Oliver Rivera 0-0: SINGLE (Line Drive, 8RS, EV 103.8 MPH)
Batting: RHB Bob O'Herlihy 0-0: Called Strike
0-1: Called Strike
0-2: Ball
1-2: Ball
2-2: Strikes out swinging
Batting: LHB Luis Gonzáles 0-0: Ball
1-0: Foul Ball, location: 2F
1-1: Ball
Oliver Rivera is caught stealing 2nd base 2-6
2-1: Ball
3-1: SINGLE (Line Drive, 7S, EV 90.6 MPH)
Batting: RHB Ken Ransley 0-0: Fielders Choice at 2nd, 5-4 (Groundball, 56, EV 95.0 MPH)
Bottom of the 1st over - 0 runs, 2 hits, 0 errors, 1 left on base; Pittsburgh 0 - Philadelphia 0
TOP OF THE 2ND
Pittsburgh Pirates batting - Pitching for Philadelphia Phillies : RHP Tony Brown
Batting: LHB Josh Mason 0-0: Called Strike
0-1: Ball
1-1: SINGLE (Groundball, 4M, EV 78.8 MPH)
Batting: LHB Jeff Dickson 0-0: Called Strike
Josh Mason steals 2nd base
0-1: Ball
1-1: Fly out, F8 (Flyball, 8LM, EV 89.4 MPH)
Batting: RHB José Fajardo 0-0: Called Strike
0-1: Ball
1-1: Foul Ball, location: 9LMF
1-2: Ball
2-2: DOUBLE (Line Drive, 89D, EV 106.3 MPH)
Josh Mason scores
Batting: LHB Juan Padilla 0-0: Called Strike
0-1: Swinging Strike
0-2: Foul Ball, location: 2RF
0-2: Ball
1-2: Ball
2-2: Foul Ball, location: 2F
2-2: Foul Ball, location: 9LSF
2-2: Fly out, F7 (Line Drive, 7S, EV 101.3 MPH)
Batting: RHB Al Sexton 0-0: SINGLE (Groundball, 34D, EV 96.3 MPH)
José Fajardo to third
Runner from 3rd tries for Home, SAFE, throw by RF to home
Batting: LHB Raúl Gallegos 0-0: Foul Ball, location: 7LMF
0-1: Ball
Al Sexton is caught stealing 2nd base 2-6
Top of the 2nd over - 2 runs, 3 hits, 0 errors, 0 left on base; Pittsburgh 2 - Philadelphia 0
BOTTOM OF THE 2ND
Philadelphia Phillies batting - Pitching for Pittsburgh Pirates : LHP Jorge González
Batting: LHB Jake Allen 0-0: Ball
1-0: Called Strike
1-1: Ball
2-1: Ball
3-1: Foul Ball, location: 2F
3-2: Ground out 4-3 (Groundball, 4, EV 92.5 MPH)
Batting: RHB Rubén Rivera 0-0: SINGLE (Flyball, 5D, EV 85.6 MPH)
Batting: RHB Raúl Jaramillo 0-0: SINGLE (Line Drive, 8RS, EV 100.0 MPH)
Rubén Rivera to second
Batting: RHB Sam Bowman 0-0: Ball
1-0: Called Strike
1-1: Swinging Strike
1-2: 3-RUN HOME RUN (Line Drive, 78XD, EV 108.8 MPH), Distance : 418 ft
Batting: RHB Joe Massey 0-0: Ball
1-0: Ball
2-0: Foul Ball, location: 2F
2-1: Ground out 6-3 (Groundball, 6, EV 103.8 MPH)
Batting: RHB Oliver Rivera 0-0: Ball
1-0: Ground out 3-1 (Groundball, 34S, EV 75.6 MPH)
Bottom of the 2nd over - 3 runs, 3 hits, 0 errors, 0 left on base; Pittsburgh 2 - Philadelphia 3
TOP OF THE 3RD
Pittsburgh Pirates batting - Pitching for Philadelphia Phillies : RHP Tony Brown
Batting: LHB Raúl Gallegos 0-0: Ground out 4-3 (Groundball, 4, EV 97.5 MPH)
Batting: LHB Devin Henderson 0-0: Ball
1-0: Called Strike
1-1: Swinging Strike
1-2: Ball
2-2: Ball
3-2: Ground out 6-3 (Groundball, 6, EV 78.1 MPH)
Batting: LHB Jorge Apodaca 0-0: Foul Ball, location: 2F
0-1: Ball
1-1: Ball
2-1: DOUBLE (Line Drive, 89D, EV 97.5 MPH)
Batting: LHB Cisco Silva 0-0: Ball
1-0: Foul Ball, location: 5SF
1-1: Swinging Strike
1-2: Strikes out looking
Top of the 3rd over - 0 runs, 1 hit, 0 errors, 1 left on base; Pittsburgh 2 - Philadelphia 3
BOTTOM OF THE 3RD
Philadelphia Phillies batting - Pitching for Pittsburgh Pirates : LHP Jorge González
Batting: RHB Bob O'Herlihy 0-0: Ball
1-0: Ball
2-0: Ball
3-0: Base on Balls
Batting: LHB Luis Gonzáles 0-0: Ball
1-0: DOUBLE (Flyball, 89XD, EV 106.9 MPH)
Bob O'Herlihy to third
Batting: RHB Ken Ransley 0-0: Ball
1-0: Ball
2-0: Ball
3-0: Called Strike
3-1: Base on Balls
Batting: LHB Jake Allen 0-0: Fly out, F9 (Flyball, 89S, EV 87.5 MPH)
Batting: RHB Rubén Rivera 0-0: Called Strike
0-1: Ball
1-1: Ball
2-1: Ball
3-1: Called Strike
3-2: Base on Balls
Bob O'Herlihy scores
Luis Gonzáles to third
Ken Ransley to second
Batting: RHB Raúl Jaramillo 0-0: Ball
1-0: Ball
2-0: Grounds into double play, 3-6-3 (Groundball, 34, EV 101.9 MPH)
Bottom of the 3rd over - 1 run, 1 hit, 0 errors, 2 left on base; Pittsburgh 2 - Philadelphia 4
TOP OF THE 4TH
Pittsburgh Pirates batting - Pitching for Philadelphia Phillies : RHP Tony Brown
Batting: LHB Josh Mason 0-0: Fly out, F6 (Flyball, 5D, EV 91.9 MPH)
Batting: LHB Jeff Dickson 0-0: Called Strike
0-1: Ball
1-1: Fly out, F9 (Flyball, 9D, EV 83.8 MPH)
Batting: RHB José Fajardo 0-0: Ground out 2-3 (Groundball, 2L, EV 65.0 MPH)
Top of the 4th over - 0 runs, 0 hits, 0 errors, 0 left on base; Pittsburgh 2 - Philadelphia 4
BOTTOM OF THE 4TH
Philadelphia Phillies batting - Pitching for Pittsburgh Pirates : LHP Jorge González
Batting: RHB Sam Bowman 0-0: Ball
1-0: SINGLE (Groundball, 56D, EV 105.0 MPH)
Batting: RHB Joe Massey 0-0: Bunted foul
0-1: Ball
1-1: Ball
2-1: Sac Bunt to 2L - play at first, batter OUT! 2-3
Sam Bowman to second
Batting: RHB Oliver Rivera 0-0: Called Strike
0-1: Ball
1-1: Fly out, F5 (Popup, 5SF, EV 68.1 MPH)
Batting: RHB Bob O'Herlihy 0-0: Ball
1-0: Called Strike
1-1: Foul Ball, location: 9LSF
1-2: Ball
2-2: Ball
3-2: Foul Ball, location: 5F
3-2: Base on Balls
Batting: LHB Luis Gonzáles 0-0: Ball
1-0: Ground out 4-3 (Groundball, 4, EV 85.0 MPH)
Bottom of the 4th over - 0 runs, 1 hit, 0 errors, 2 left on base; Pittsburgh 2 - Philadelphia 4
TOP OF THE 5TH
Pittsburgh Pirates batting - Pitching for Philadelphia Phillies : RHP Tony Brown
Batting: LHB Juan Padilla 0-0: Ball
1-0: Ball
2-0: Fly out, F7 (Flyball, 78M, EV 99.4 MPH)
Batting: RHB Al Sexton 0-0: Called Strike
0-1: Ball
1-1: Ball
2-1: Ball
3-1: Base on Balls
Batting: LHB Raúl Gallegos 0-0: Ball
Al Sexton steals 2nd base
1-0: Swinging Strike
1-1: Fly out, F8 (Flyball, 89D, EV 92.5 MPH)
Runner from 2nd tags up, SAFE at 3rd, no throw by CF
Batting: LHB Devin Henderson 0-0: Fly out, F5 (Popup, 5SF, EV 86.3 MPH)
Top of the 5th over - 0 runs, 0 hits, 0 errors, 1 left on base; Pittsburgh 2 - Philadelphia 4
BOTTOM OF THE 5TH
Philadelphia Phillies batting - Pitching for Pittsburgh Pirates : LHP Jorge González
Batting: RHB Ken Ransley 0-0: Swinging Strike
0-1: SOLO HOME RUN (Flyball, 9D, EV 95.0 MPH), Distance : 378 ft
Batting: LHB Jake Allen 0-0: Called Strike
0-1: Ball
1-1: Foul Ball, location: 2F
1-2: Ball
2-2: SINGLE (Line Drive, 78S, EV 101.9 MPH)
Pitching: RHP Ángelo Murphy
Batting: RHB Rubén Rivera 0-0: Swinging Strike
0-1: Ball
1-1: Called Strike
1-2: Foul Ball, location: 5FF
1-2: DOUBLE (Groundball, 5L, EV 110.6 MPH)
Jake Allen to third
Batting: RHB Raúl Jaramillo 0-0: Foul Ball, location: 5FF
0-1: Fly out, F7 (Flyball, 7, EV 93.8 MPH)
Runner from 3rd tags up, SCORES, throw by LF
Batting: RHB Sam Bowman 0-0: Ball
1-0: Ball
2-0: Ball
3-0: Base on Balls
Batting: RHB Joe Massey 0-0: Foul Ball, location: 9LMFF
0-1: Foul Ball, location: 25F
0-2: Fielders Choice at 3rd, U5 (Groundball, 5L, EV 105.0 MPH)
Sam Bowman to second
Batting: RHB Oliver Rivera 0-0: Called Strike
0-1: Ball
1-1: Ball
2-1: Foul Ball, location: 9LMF
2-2: SINGLE (Groundball, 4D, EV 96.9 MPH)
Sam Bowman to third
Joe Massey to second
Runner from 3rd tries for Home, SAFE, throw by CF to home
Batting: RHB Bob O'Herlihy 0-0: DOUBLE (Flyball, 89D, EV 106.3 MPH)
Joe Massey scores
Oliver Rivera to third
Runner from 3rd tries for Home, SAFE, throw by CF to trailing runner, SAFE at third!
Batting: LHB Luis Gonzáles 0-0: Ball
1-0: Foul Ball, location: 2F
1-1: Foul Ball, location: 25F
1-2: Fly out, F9 (Flyball, 9LM, EV 93.1 MPH)
Bottom of the 5th over - 5 runs, 5 hits, 0 errors, 1 left on base; Pittsburgh 2 - Philadelphia 9
TOP OF THE 6TH
Pittsburgh Pirates batting - Pitching for Philadelphia Phillies : RHP Tony Brown
Batting: LHB Jorge Apodaca 0-0: Called Strike
0-1: Ball
1-1: Foul Ball, location: 3DF
1-2: SINGLE (Flyball, 56D, EV 98.1 MPH)
Batting: LHB Cisco Silva 0-0: Ball
Jorge Apodaca steals 2nd base
1-0: Fly out, F3 (Popup, 3SF, EV 86.9 MPH)
Batting: LHB Josh Mason 0-0: Ball
1-0: Ball
2-0: Swinging Strike
2-1: Ball
3-1: Foul Ball, location: 2RF
3-2: 2-RUN HOME RUN (Line Drive, 9D, EV 100.0 MPH), Distance : 389 ft
Batting: LHB Jeff Dickson 0-0: Called Strike
0-1: Swinging Strike
0-2: Ball
1-2: Ball
2-2: Strikes out swinging, 2-3 out at first.
Batting: RHB José Fajardo 0-0: Ground out U3 (Groundball, 34, EV 92.5 MPH)
Top of the 6th over - 2 runs, 2 hits, 0 errors, 0 left on base; Pittsburgh 4 - Philadelphia 9
BOTTOM OF THE 6TH
Philadelphia Phillies batting - Pitching for Pittsburgh Pirates : RHP Ángelo Murphy
Batting: RHB Ken Ransley 0-0: Fly out, F1 (Popup, 13, EV 72.5 MPH)
Batting: LHB Jake Allen 0-0: Called Strike
0-1: Foul Ball, location: 9LMF
0-2: Fly out, F7 (Flyball, 7S, EV 90.6 MPH)
Batting: RHB Rubén Rivera 0-0: Ball
1-0: Foul Ball, location: 2LF
1-1: Ball
2-1: Fly out, F6 (Flyball, 56D, EV 89.4 MPH)
Bottom of the 6th over - 0 runs, 0 hits, 0 errors, 0 left on base; Pittsburgh 4 - Philadelphia 9
TOP OF THE 7TH
Pittsburgh Pirates batting - Pitching for Philadelphia Phillies : RHP Tony Brown
Pitching: RHP Nicholas Steve
Batting: LHB Juan Padilla 0-0: Swinging Strike
0-1: Ground out 3-1 (Groundball, 34, EV 95.0 MPH)
Batting: RHB Al Sexton 0-0: Hit by Pitch
Batting: LHB Raúl Gallegos 0-0: Called Strike
Al Sexton is caught stealing 2nd base 2-6
0-1: Fly out, F8 (Line Drive, 8LM, EV 98.1 MPH)
Top of the 7th over - 0 runs, 0 hits, 0 errors, 0 left on base; Pittsburgh 4 - Philadelphia 9
BOTTOM OF THE 7TH
Philadelphia Phillies batting - Pitching for Pittsburgh Pirates : RHP Ángelo Murphy
Batting: RHB Raúl Jaramillo 0-0: Ball
1-0: Ball
2-0: Foul Ball, location: 2F
2-1: Ball
3-1: SINGLE (Groundball, 56, EV 85.6 MPH)
Batting: RHB Sam Bowman 0-0: Swinging Strike
0-1: Ball
1-1: Ball
2-1: Called Strike
2-2: Ball
3-2: SINGLE (Line Drive, 4M, EV 93.8 MPH)
Raúl Jaramillo to second
Pitching: RHP Bobby Ward
Batting: RHB Joe Massey 0-0: Called Strike
0-1: Swinging Strike
0-2: Strikes out swinging
Batting: RHB Oliver Rivera 0-0: SINGLE (Groundball, 6MD, EV 95.6 MPH)
Raúl Jaramillo to third
Sam Bowman to second
Batting: RHB Bob O'Herlihy 0-0: Ball
1-0: Swinging Strike
1-1: Ball
2-1: Ball
3-1: Foul Ball, location: 5F
3-2: Strikes out looking
Batting: LHB Luis Gonzáles 0-0: Ball
1-0: Ball
2-0: Ball
3-0: Called Strike
3-1: Foul Ball, location: 5FF
3-2: Foul Ball, location: 7LSF
3-2: Fly out, F8 (Flyball, 8LM, EV 90.0 MPH)
Bottom of the 7th over - 0 runs, 3 hits, 0 errors, 3 left on base; Pittsburgh 4 - Philadelphia 9
TOP OF THE 8TH
Pittsburgh Pirates batting - Pitching for Philadelphia Phillies : RHP Nicholas Steve
Batting: LHB Devin Henderson 0-0: Fly out, F9 (Line Drive, 9, EV 90.0 MPH)
Batting: LHB Jorge Apodaca 0-0: Foul Ball, location: 5FF
0-1: Ball
1-1: Ball
2-1: Fly out, F6 (Popup, 56, EV 56.3 MPH)
Batting: LHB Cisco Silva 0-0: Foul Ball, location: 2F
0-1: Fly out, F8 (Flyball, 8RD, EV 84.4 MPH)
Top of the 8th over - 0 runs, 0 hits, 0 errors, 0 left on base; Pittsburgh 4 - Philadelphia 9
BOTTOM OF THE 8TH
Philadelphia Phillies batting - Pitching for Pittsburgh Pirates : RHP Bobby Ward
Batting: RHB Ken Ransley 0-0: Swinging Strike
0-1: Foul Ball, location: 23F
0-2: Ball
1-2: Strikes out swinging
Batting: LHB Jake Allen 0-0: Foul Ball, location: 2F
0-1: SINGLE (Line Drive, 89S, EV 105.0 MPH)
Batting: RHB Rubén Rivera 0-0: Swinging Strike
0-1: Called Strike
0-2: Grounds into double play, 6-4-3 (Groundball, 56, EV 105.6 MPH)
Bottom of the 8th over - 0 runs, 1 hit, 0 errors, 0 left on base; Pittsburgh 4 - Philadelphia 9
TOP OF THE 9TH
Pittsburgh Pirates batting - Pitching for Philadelphia Phillies : RHP Nicholas Steve
Batting: LHB Josh Mason 0-0: Swinging Strike
0-1: Ball
1-1: Called Strike
1-2: Strikes out swinging
Batting: LHB Jeff Dickson 0-0: Called Strike
0-1: Ball
1-1: Called Strike
1-2: Foul Ball, location: 5SF
1-2: SINGLE (Groundball, 34D, EV 107.5 MPH)
Batting: RHB José Fajardo 0-0: Swinging Strike
0-1: Swinging Strike
0-2: Ball
1-2: Ball
2-2: Ball
3-2: Fly out, F9 (Line Drive, 9, EV 89.4 MPH)
Batting: LHB Juan Padilla 0-0: Ball
1-0: Called Strike
1-1: Swinging Strike
1-2: Strikes out swinging
Top of the 9th over - 0 runs, 1 hit, 0 errors, 1 left on base; Pittsburgh 4 - Philadelphia 9
Sunday, March 24th , 2024 - OOTP Baseball 24.10 Build 82